 Dungeon Crawl Stone Soup version 0.31-a0-986-g5e6e4ef867 (webtiles) character file.

Game seed: 1180858233058038471

1347 avis the Mimic (level 8, -2/37 HPs)
             Began as a Felid Shapeshifter on Nov 22, 2023.
             Slain by an orc
             ... wielding a +0 war axe
              (3 damage)
             ... on level 6 of the Dungeon.
             The game lasted 00:25:04 (5796 turns).

avis the Mimic (Felid Shapeshifter)                 Turns: 5796, Time: 00:25:05

Health: -2/37      AC:  2    Str: 10    XL:     8   Next: 36%
Magic:  9/9        EV: 22    Int: 11    God:
Gold:   274        SH:  0    Dex: 18    Spells: 7/7 levels left
                                        Lives:  0   Deaths: 3

rFire   . .          .
                       - Unarmed
rCold   . . .        (shield unavailable)
rNeg    . . .        (body armour unavailable)
rPois   .            (helmet unavailable)
rElec   .            (cloak unavailable)
rCorr   .            (gloves unavailable)
SInv    +            (boots unavailable)
Will    +....        (no amulet)
Stlth   +            (no ring)
HPRegen 0.26/turn    (no ring)
MPRegen 0.11/turn

%: no passive effects
@: flux-form, glowing, quick
A: glow, contaminating, very small, claws 1, fangs 3, see invisible, speed 1,
shaggy fur 2, stealthy paws, no weapons or thrown items, no armour, multi-lived
a: Begin Untransformation


You were on level 6 of the Dungeon.
You were something dangerously unstable.
You visited 2 branches of the dungeon, and saw 7 of its levels.

You collected 274 gold pieces.

Inventory:

Talismans
 f - a flux talisman (active)
Scrolls
 d - a scroll of poison {unknown}
 h - 3 scrolls of fog {unknown}
 i - 2 scrolls of teleportation {unknown}
 n - a scroll of noise {unknown}
 p - a scroll of fear {unknown}
 r - 3 scrolls of revelation {unknown}
 s - 2 scrolls of enchant armour {unknown}
Potions
 c - a potion of curing
 e - a potion of haste
 g - a potion of ambrosia
 k - a potion of cancellation
 l - a potion of might
 m - a potion of attraction
 q - a potion of magic {unknown}
 t - 2 potions of enlightenment


   Skills:
 - Level 5.0 Fighting
 * Level 7.4 Dodging
 - Level 3.0 Unarmed Combat
 - Level 8.0 Shapeshifting


You had 7 spell levels left.
You didn't know any spells.
Your spell library contained the following spells:

 Spells                   Type           Power      Damage    Failure   Level
 Ignite Poison            Fire/Tmut/Pois 0%         N/A       71%         3
 Sticky Flame             Conj/Fire      0%         2d3       98%         4
 Ignition                 Fire           0%         3d3       100%        8


Dungeon Overview and Level Annotations

Branches:
Dungeon (6/15)             Temple (1/1) D:5

Altars:
Ashenzari
Cheibriados
Elyvilon
Fedhas
Hepliaklqana
Makhleb
Okawaru
Qazlal
Trog
Uskayaw
Vehumet
Wu Jian
Xom
Yredelemnul
Zin
The Shining One

Shops:
D:4 :   D:5 *

Annotations:
D:2 Jessica
D:5 1 runed translucent door, exclusion: door, Crazy Yiuf


Innate Abilities, Weirdness & Mutations

You are something dangerously unstable.
You glow with magical radiation, making you easy to see and hit.
Foes you strike become dangerously contaminated with magical radiation.
You have sharp claws.
You have razor-sharp teeth.
You have supernaturally acute eyesight. (SInv)
You cover ground quickly. (Speed+)
You are covered in thick fur. (AC +2)
Your paws help you pounce on unaware monsters.
You are incapable of wielding weapons or throwing items.
You cannot wear armour.
You gain extra lives every three experience levels.


Message History

You feel as though you will be weak longer.
The water moccasin completely misses you.
You rejoin the land of the living...
Okay, then.
The gnoll shouts!
You scratch the orc.
The orc begins to glow.
The orc is heavily wounded.
The water moccasin bites you. The orc misses you.
You barely miss the orc.
The orc is heavily wounded.
The water moccasin closely misses you. The orc completely misses you.
The water moccasin barely misses you.
You completely miss the orc.
The orc is heavily wounded.
The water moccasin completely misses you.
The orc completely misses you.
The gnoll hits you from afar with a +4 spear!
You scratch the orc.
The orc glows dangerously bright.
You bite the orc, but do no damage.
The orc is severely wounded.
The orc barely misses you. The water moccasin bites you.
The orc barely misses you. The gnoll completely misses you.
You scratch the orc.
You kill the orc!
The water moccasin barely misses you. The orc misses you.
The orc completely misses you.
The water moccasin completely misses you.
The gnoll completely misses you. The orc hits you with a +0 short sword.
The orc hits you with a +0 war axe!
* * * LOW HITPOINT WARNING * * *
Things that are here:
a +0 flail; an orc corpse You barely miss the gnoll.
You bite the gnoll.
The gnoll is moderately wounded.
The gnoll hits you with a +4 spear.
* * * LOW HITPOINT WARNING * * *
The orc closely misses you. The water moccasin bites you.
* * * LOW HITPOINT WARNING * * *
The orc hits you with a +0 war axe.
You die...

##### #...####
#...##o######
##..##opS#...#
##....gg#.5gg.##
#.......#####..#
#####.....###.##..#
#..##.....##.....##
##..........S......#
.....#.....o.######
####..##.....g..#...
#.....#.............


You could see a water moccasin, a gnoll bouda, 3 gnolls, an ufetubus and 2 orcs.

Vanquished Creatures
  Grinder (D:6)
  Edmund (D:5)
  Duvessa (D:5)
  A water moccasin (D:5)
  An ogre (D:4)
  2 phantoms
  Dowan (D:5)
  A howler monkey (D:5)
  2 jellies
  A hound (D:5)
  An orc priest (D:5)
  A sleepcap (D:5)
  Natasha (thrice) (D:1)
  2 iguanas
  An orc wizard (D:5)
  3 gnolls (D:4)
  8 adders
  3 worms
  5 dart slugs
  20 orcs
  3 bats (D:1)
  2 endoplasms
  6 giant cockroaches
  5 hobgoblins
  2 jackals (D:4)
  3 kobolds
  5 ball pythons
  2 frilled lizards
  3 goblins
  7 rats
97 creatures vanquished.

Notes
Turn   | Place    | Note
-------+----------+-------------------------------------------
     0 | D:1      | avis the Felid Shapeshifter began the quest for the Orb.
     0 | D:1      | Reached XP level 1. HP: 9/9 MP: 2/2
   173 | D:1      | Reached XP level 2. HP: 12/12 MP: 3/3
   313 | D:1      | Reached skill level 4 in Shapeshifting
   944 | D:2      | Reached XP level 3. HP: 10/15 MP: 4/4
   982 | D:2      | Noticed Natasha
   983 | D:2      | Noticed Jessica
  1116 | D:1      | Killed Natasha
  1117 | D:1      | Reached skill level 5 in Shapeshifting
  1248 | D:1      | Noticed Natasha
  1257 | D:1      | Killed Natasha
  1258 | D:1      | Reached XP level 4. HP: 19/19 MP: 5/5
  2014 | D:1      | Noticed Natasha
  2031 | D:1      | Killed Natasha
  2096 | D:2      | Found a snail-covered altar of Cheibriados.
  2154 | D:2      | You fall into a shaft and drop 1 floor!
  2544 | D:3      | Slain by a worm
  2670 | D:3      | Reached XP level 5. HP: 7/22 MP: 6/6
  3053 | D:3      | Reached skill level 6 in Shapeshifting
  3367 | D:4      | Noticed an ogre
  3373 | D:4      | Killed an ogre
  3413 | D:4      | Found Ukerr's Self-Improvement Boutique.
  3536 | D:4      | Reached skill level 7 in Shapeshifting
  3536 | D:4      | Gained mutation: You are covered in thick fur. (AC +2)
                  | [Felid growth]
  3536 | D:4      | Reached XP level 6. HP: 18/25 MP: 7/7
  4211 | D:5      | Entered Level 5 of the Dungeon
  4259 | D:5      | Found a staircase to the Ecumenical Temple.
  4445 | Temple   | Entered the Ecumenical Temple
  4570 | D:5      | Noticed Duvessa
  4581 | D:5      | Noticed Dowan
  4590 | D:5      | Killed Duvessa
  4591 | D:5      | Reached XP level 7. HP: 17/31 MP: 8/8
  4771 | D:5      | Reached skill level 5 in Dodging
  4773 | D:5      | Found Zoezat's Gadget Gallery.
  4806 | D:5      | Killed Dowan
  4904 | D:5      | Noticed Edmund
  4916 | D:5      | Reached skill level 5 in Fighting
  4940 | D:5      | Slain by Edmund
  4993 | D:5      | Killed Edmund
  5168 | D:5      | Reached XP level 8. HP: 9/37 MP: 9/9
  5447 | D:5      | Found a runed translucent door.
  5448 | D:5      | Noticed Crazy Yiuf
  5498 | D:6      | Noticed Grinder
  5624 | D:6      | Paralysed by Grinder for 5 turns
  5632 | D:6      | HP: 1/37 [Grinder (1)]
  5634 | D:6      | Killed Grinder
  5635 | D:6      | Reached skill level 8 in Shapeshifting
  5764 | D:6      | Slain by a water moccasin
  5796 | D:6      | HP: 1/37 [water moccasin (4)]
  5796 | D:6      | Slain by an orc

Illustrated notes

Levels and vault maps discovered:
D:1:      co_arrival_square_in_a_square_in_a_square, layout_basic
D:2:      layout_rooms, basic_altar, uniq_jessica, uniq_natasha
D:3:      layout_basic
D:4:      layout_basic, nicolae_shop_self_help
D:5:      layout_basic, minmay_temple_entry_trees, nicolae_shop_gadgets,
          uniq_duvessa, uniq_edmund, uniq_crazy_yiuf_cottage
D:6:      layout_cave_pools, nicolae_overflow_two_pavilions, minmay_between,
          uniq_grinder
Temple:   kb_temple_of_zot

Skill      XL: |  1  2  3  4  5  6  7  8 |
---------------+-------------------------+-----
Shapeshifting  | 4 5 7 8 |  8.0
Fighting       | 3 5 |  5.0
Dodging        | 4 6 7 |  7.4
Unarmed Combat | |  3.0

Action                     |  1- 3 |  4- 6 |  7- 9 || total
---------------------------+-------+-------+-------++-------
  Melee: Unarmed           |    66 |   148 |   142 ||   356
         Bite              |     8 |    18 |    24 ||    50
         Punch             |     1 |       |       ||     1
    Use: Potion            |       |     1 |     2 ||     3
         Scroll            |       |     7 |     2 ||     9
   Stab: Sleeping          |     2 |       |       ||     2
 Armour: Skin              |    19 |    45 |    56 ||   120
  Dodge: Dodged            |    38 |    93 |   134 ||   265
   Form: Flux              |       |     1 |       ||     1

Table legend: (Time is in decaauts)
 A = Elapsed time spent in this place.
 B = Non-inter-level travel time spent in this place.
 C = Inter-level travel time spent in this place.
 D = Time resting spent in this place.
 E = Time spent auto-exploring this place.
 F = Levels seen in this place.
 G = Mean time per level.
                   A        B        C        D        E       F      G
               +--------+--------+--------+--------+--------+-----+--------+
         Total |   4991 |   3986 |   1005 |   1066 |   1798 |   7 |  713.0 |
       Dungeon |   4970 |   3965 |   1005 |   1057 |   1798 |   6 |  828.3 |
        Temple |     21 |     21 |      0 |      9 |      0 |   1 |   21.0 |
               +--------+--------+--------+--------+--------+-----+--------+

Top non-repeatable levels by time:
     D:1: 1693 daAuts
     D:4: 1123 daAuts
     D:5: 1071 daAuts
     D:3: 875 daAuts
     D:2: 116 daAuts
     D:6: 91 daAuts
  Temple: 21 daAuts
